 Dungeon Crawl Stone Soup version 0.24-a0-54-g776a2178cb (webtiles) character file.

Game seed: 8491651957002585068

382 Flugslaktarn the Chopper (level 6, -5/57 HPs)
             Began as a Deep Dwarf Fighter on Feb 4, 2019.
             Was an Initiate of Makhleb.
             Killed by divine providence
             ... invoked by an orc priest
              (11 damage)
             ... on level 4 of the Dungeon.
             The game lasted 00:01:48 (1833 turns).

Flugslaktarn the Chopper (Deep Dwarf Fighter)       Turns: 1833, Time: 00:01:48

Health: -5/57      AC: 10    Str: 21    XL:     6   Next: 47%
Magic:  4/4        EV:  7    Int:  9    God:    Makhleb [......]
Gold:   152        SH:  9    Dex: 12    Spells: 5/5 levels left

rFire    . . .     SeeInvis .   a - +0 war axe
rCold    . . .     Gourm    .   c - +0 shield
rNeg     . . .     Faith    .   b - +0 scale mail
rPois    .         Spirit   .   m - +0 helmet
rElec    .         Reflect  .   j - +0 cloak
rCorr    .         Harm     .   n - +0 pair of gloves
MR       .....                  (no boots)
Stlth    ..........             (no amulet)
HPRegen  0.00/turn              (no ring)
MPRegen  0.09/turn              (no ring)

@: non-regenerating
A: damage resistance, heal wounds, sense surroundings 1, no regeneration
a: Heal Wounds, Renounce Religion


You were on level 4 of the Dungeon.
You worshipped Makhleb.
Makhleb was noncommittal.
You were hungry.

You visited 1 branch of the dungeon, and saw 4 of its levels.

You collected 152 gold pieces.

Inventory:

Hand Weapons
 a - a +0 war axe (weapon)
Armour
 b - a +0 scale mail (worn)
 c - a +0 shield (worn)
 j - a +0 cloak (worn)
 m - a +0 helmet (worn)
 n - a +0 pair of gloves (worn)
Jewellery
 i - an uncursed amulet of regeneration {unknown}
Wands
 u - a wand of iceblast (8) {@v4}
Scrolls
 e - 3 scrolls of amnesia {unknown}
 g - 4 scrolls of identify {unknown}
 h - 8 scrolls of remove curse {unknown}
 l - a scroll of blinking {unknown}
 s - a scroll of fog {unknown}
 t - a scroll of magic mapping {unknown}
Potions
 d - a potion of might {@q4}
 k - a potion of magic {unknown}
 o - 3 potions of degeneration {unknown}
 p - 4 potions of curing {@q1}
 q - a potion of ambrosia {unknown}
 r - 2 potions of agility {@q5}
 v - 2 potions of haste {unknown}
Comestibles
 f - 6 rations {@e1}


   Skills:
 + Level 4.0 Fighting
 * Level 5.6 Axes
 + Level 4.9 Armour
 - Level 3.3 Shields


You had 5 spell levels left.
You didn't know any spells.
Your spell library was empty.

Dungeon Overview and Level Annotations

Branches:
Dungeon (4/15)
 Temple: D:4-7

Altars:
Gozag
Makhleb
Ru
Zin

Annotations:
D:4 Dowan


Innate Abilities, Weirdness & Mutations

You are resistant to damage.
You can heal yourself by infusing magical energy.
You passively map a small area around you.
You do not regenerate.


Message History

The orc wizard casts a spell at you. The magic dart hits you!
Your shield and scale mail prevent you from hitting the orc priest.
The orc priest is almost dead.
The orc priest hits you but does no damage.
The orc wizard mumbles some strange words.
The orc wizard blinks!
Dowan casts a spell.
Dowan blinks!
The orc priest hits you but does no damage.
The orc wizard mumbles some strange words.
The orc wizard blinks!
You closely miss the orc priest.
The orc priest is almost dead.
The orc priest calls down the wrath of Beogh upon you.
Beogh smites you!
* * * LOW HITPOINT WARNING * * *
The orc priest mumbles some strange prayers to Beogh against you.
Beogh smites you!
You die...

........
.#.......#### #.#
######## *
..........§., ##.# #
*
###.........######...
# ,
.......<........#...
# * #<#
#....>....##....... #
#.# #........#
#....... # * #.#
#o#†)...# #....... #
*, ,..###.##e..#*
#....... # .#
#.##.§@ow.## #.###...
# #.# #.##..##### #.#
#... # #.#
#.##..##########.#
#... # #.#
###.##.....##......#
#### # #.#
#.....o###.##.####.#
*# ####.####.###..#
#.##.# #.)., ,
..........# #..#
#.##.# #.###
###..##.#.###..#
#.##.####.. ,,
#..##.#......#
#.##...#### **


You could see Dowan, a worm, 2 orc priests and an orc wizard.

Vanquished Creatures
  Duvessa (D:4)
  2 orc priests (D:3)
  An iguana (D:4)
  A worker ant (D:4)
  2 hound skeletons
  3 gnolls (D:4)
  4 adders
  An ooze (D:2)
  3 worms
  2 dart slugs
  5 leopard geckos
  3 orcs
  A ball python (D:2)
  10 bats
  3 giant cockroaches
  4 goblins
  3 hobgoblins
  7 kobolds
  2 frilled lizards
  A jackal skeleton (D:4)
  6 rats
65 creatures vanquished.

Notes
Turn   | Place    | Note
-------+----------+-------------------------------------------
     0 | D:1      | Flugslaktarn the Deep Dwarf Fighter began the quest for the
                  | Orb.
     0 | D:1      | Reached XP level 1. HP: 20/20 MP: 1/1
   115 | D:2      | Reached XP level 2. HP: 27/27 MP: 2/2
   122 | D:2      | Reached skill level 3 in Axes
   155 | D:2      | Reached XP level 3. HP: 34/34 MP: 3/3
   475 | D:2      | Reached XP level 4. HP: 27/42 MP: 4/4
   696 | D:3      | Found a sacrificial altar of Ru.
   761 | D:3      | Reached skill level 4 in Axes
   769 | D:3      | Reached XP level 5. HP: 49/49 MP: 3/3
  1162 | D:3      | Found an opulent altar of Gozag.
  1162 | D:3      | Found a glowing silver altar of Zin.
  1194 | D:3      | Found a burning altar of Makhleb.
  1272 | D:3      | Became a worshipper of Makhleb the Destroyer
  1409 | D:4      | Reached skill level 5 in Axes
  1466 | D:4      | Reached XP level 6. HP: 26/57 MP: 4/4
  1800 | D:4      | Noticed Dowan
  1800 | D:4      | Noticed Duvessa
  1819 | D:4      | Killed Duvessa
  1833 | D:4      | Killed from afar by an orc priest

Vault maps used:
D:1:      wander_arrival_lonely_grave, chequers_jeans, grunt_decor_one_mirror
D:3:      grunt_temple_overflow_gold_and_silver, marbit_many_paths,
          nicolae_ru_sacrificial_ziggurat
D:4:      first_ration, uniq_duvessa

Skill      XL: |  1  2  3  4  5  6 |
---------------+-------------------+-----
Axes           | 3 4 5 |  5.6
Fighting       | 3 4 |  4.0
Armour         | 4 |  4.9
Shields        | |  3.3

Action                   |  1- 3 |  4- 6 || total
-------------------------+-------+-------++-------
Melee: War axe           |    95 |   141 ||   236
 Abil: Heal Wounds       |     1 |     7 ||     8
  Eat: Chunk             |       |     3 ||     3
Armor: Scale mail        |    52 |   103 ||   155
Dodge: Dodged            |    30 |    50 ||    80
Block: Shield            |    58 |   112 ||   170

Table legend:
 A = Non-vault XP
 B = Vault XP
 C = Vault XP percentage of total XP
 D = Non-vault monster count
 E = Vault monster count
 F = Vault count percentage of total count
                 A         B        C        D         E       F
            +---------+---------+-------+---------+---------+-------
      Total |     399 |     147 |  26.9 |      63 |       2 |   3.1
            +---------+---------+-------+---------+---------+-------
        D:1 |      12 |       0 |   0.0 |       6 |       0 |   0.0
        D:2 |      89 |       0 |   0.0 |      22 |       0 |   0.0
        D:3 |     141 |       2 |   1.4 |      24 |       1 |   4.0
        D:4 |     157 |     145 |  48.0 |      11 |       1 |   8.3
            +---------+---------+-------+---------+---------+-------
